 Dungeon Crawl Stone Soup version 0.25-a0-178-gc9f82b1288 (webtiles) character file.

Game seed: 2269748639547653532, levelgen mode: deterministic

27 vurker the Conjurer (level 2, 0/22 HPs)
             Began as a Demigod Conjurer on Nov 26, 2019.
             Slain by a kobold
             ... wielding a +0 dagger
              (1 damage)
             ... on level 2 of the Dungeon.
             The game lasted 00:02:41 (1256 turns).

vurker the Conjurer (Demigod Conjurer)              Turns: 1256, Time: 00:02:41

Health: 0/22       AC:  3    Str: 11    XL:     2   Next: 72%
Magic:  1/7        EV: 14    Int: 19    God:
Gold:   24         SH:  0    Dex: 16    Spells: 4/5 levels left

rFire    . . .     SeeInvis .   g - +0 dagger
rCold    . . .     Gourm    .   (no shield)
rNeg     . . .     Faith    .   l - +0 robe (curse)
rPois    .         Spirit   .   (no helmet)
rElec    .         Reflect  .   (no cloak)
rCorr    .         Harm     .   f - +0 pair of gloves
MR       .....                  (no boots)
Stlth    ++........             (no amulet)
HPRegen  0.07/turn              k - +2 ring of evasion
MPRegen  0.10/turn              (no ring)

@: no status effects
A: high mp 1
a: no special abilities


You were on level 2 of the Dungeon.
You were not hungry.

You visited 1 branch of the dungeon, and saw 2 of its levels.

You collected 24 gold pieces.

Inventory:

Hand Weapons
 g - a +0 dagger (weapon)
   (You took it off a goblin on level 1 of the Dungeon)
Armour
 f - a +0 pair of gloves (worn)
   (You found it on level 1 of the Dungeon)
 l - a cursed +0 robe (worn)
   (You found it on level 2 of the Dungeon)
Jewellery
 k - a +2 ring of evasion (left hand)
   (You found it on level 2 of the Dungeon)
Scrolls
 b - a scroll of fear {unknown}
 d - a scroll of teleportation {unknown}
 h - a scroll of remove curse {unknown}
 i - 2 scrolls of identify {unknown}
Potions
 c - a potion of agility {unknown}
Comestibles
 e - 5 rations
 j - a chunk of flesh


   Skills:
 + Level 0.8 Fighting
 - Level 1.7 Dodging
 - Level 1.7 Stealth
 * Level 2.3 Spellcasting
 * Level 4.0 Conjurations


You had 4 spell levels left.
You knew the following spells:

 Your Spells              Type           Power        Failure   Level  Hunger
a - Magic Dart            Conj           ###.         3%          1    #......

Your spell library contained the following spells:

 Spells                   Type           Power        Failure   Level  Hunger
 Searing Ray              Conj           ###...       4%          2    ##.....
 Dazzling Spray           Conj/Hex       #.....       22%         3    ###....
 Iskenderun's Mystic Bla  Conj           ###.....     30%         4    #####..
 Force Lance              Conj/Tloc      #.......     56%         4    #####..
 Fulminant Prism          Conj/Hex       #.........   56%         4    #####..


Dungeon Overview and Level Annotations

Branches:
Dungeon (2/15)

Annotations:
D:2 Terence


Innate Abilities, Weirdness & Mutations

You have an increased reservoir of magic. (+10% MP)


Message History

You climb downwards.
A kobold and Terence come into view.
Terence is wielding a +0 hand axe of freezing.
The kobold shouts!
Found a buckler.
Found a stone staircase leading down.
There is a stone staircase leading up here.
Aim: Terence, wielding a +0 hand axe of freezing and wearing a +0 scale mail The magic dart hits Terence.
Aim: Terence, wielding a +0 hand axe of freezing and wearing a +0 scale mail (lightly wounded)
The magic dart hits Terence but does no damage.
Terence hits you but does no damage.
Aim: Terence, wielding a +0 hand axe of freezing and wearing a +0 scale mail (lightly wounded)
The magic dart hits Terence.
Terence barely misses you.
Aim: Terence, wielding a +0 hand axe of freezing and wearing a +0 scale mail (moderately wounded)
The magic dart hits Terence but does no damage.
Terence hits you with a +0 hand axe of freezing.
Terence freezes you. The kobold misses you.
Aim: Terence, wielding a +0 hand axe of freezing and wearing a +0 scale mail (moderately wounded)
The magic dart hits Terence but does no damage.
The kobold misses you. Terence barely misses you.
Aim: Terence, wielding a +0 hand axe of freezing and wearing a +0 scale mail (moderately wounded)
The magic dart hits Terence.
The kobold hits you but does no damage. Terence closely misses you.
Aim: Terence, wielding a +0 hand axe of freezing and wearing a +0 scale mail (heavily wounded)
The magic dart hits Terence.
The kobold barely misses you. Terence hits you but does no damage.
You don't have enough magic to cast that spell.
You hit Terence but do no damage. The kobold hits you with a +0 dagger.
Terence misses you.
You hit Terence but do no damage. The kobold closely misses you.
Terence hits you but does no damage.
You hit Terence but do no damage. The kobold closely misses you.
You barely miss Terence.
Terence hits you with a +0 hand axe of freezing.
Terence freezes you. The kobold misses you.
You barely miss Terence. Terence misses you.
The kobold hits you but does no damage.
You hit Terence but do no damage.
Terence hits you with a +0 hand axe of freezing.
* * * LOW HITPOINT WARNING * * *
Terence freezes you.
* * * LOW HITPOINT WARNING * * *
The kobold hits you but does no damage.
You hit Terence but do no damage.
Terence hits you with a +0 hand axe of freezing.
* * * LOW HITPOINT WARNING * * *
Terence freezes you.
* * * LOW HITPOINT WARNING * * *
The kobold hits you with a +0 dagger.
You die...

########### #.........#
#.........# ###
#.........# ..###
#..@@.....# #...##
#...K.....# #.....####
#........[# ##..##....
....>.....>#
..........###.........#
.........###..........#
รท...####...#..........#
..######.....##########
............#


You could see Terence and a kobold.

Vanquished Creatures
  An ooze (D:1)
  A ball python (D:1)
  2 bats (D:1)
  2 giant cockroaches (D:1)
  3 goblins
  2 hobgoblins (D:1)
  4 kobolds (D:1)
  5 frilled lizards
  3 rats
23 creatures vanquished.

Notes
Turn   | Place    | Note
-------+----------+-------------------------------------------
     0 | D:1      | vurker the Demigod Conjurer began the quest for the Orb.
     0 | D:1      | Reached XP level 1. HP: 14/14 MP: 5/5
   323 | D:1      | Reached XP level 2. HP: 19/22 MP: 0/7
   842 | D:1      | Reached skill level 4 in Conjurations
  1242 | D:2      | Noticed Terence
  1256 | D:2      | HP: 1/22 [Terence/+0 hand axe of freezing (1)]
  1256 | D:2      | Slain by a kobold

Levels and vault maps discovered:
D:1:      saegor_arrival_miasma, layout_basic, chequers_mini_garden,
          minmay_statues_item
D:2:      layout_rooms, uniq_terence

Skill      XL: |  1  2 |
---------------+-------+-----
Spellcasting   | 2 |  2.3
Conjurations   | 4 |  4.0
Fighting       | |  0.8
Dodging        | |  1.7
Stealth        | |  1.7

Action                   || total
-------------------------++-------
Melee: Unarmed           ||     4
       Dagger            ||     7
 Cast: Magic Dart        ||    53
  Eat: Chunk             ||     1
Armor: Robe              ||     6
Dodge: Dodged            ||    15

Table legend:
 A = Non-vault XP
 B = Vault XP
 C = Vault XP percentage of total XP
 D = Non-vault monster count
 E = Vault monster count
 F = Vault count percentage of total count
                 A         B        C        D         E       F
            +---------+---------+-------+---------+---------+-------
      Total |      39 |       0 |   0.0 |      23 |       0 |   0.0
            +---------+---------+-------+---------+---------+-------
        D:1 |      35 |       0 |   0.0 |      19 |       0 |   0.0
        D:2 |       4 |       0 |   0.0 |       4 |       0 |   0.0
            +---------+---------+-------+---------+---------+-------
